 Dungeon Crawl Stone Soup version 0.16-a0-2063-g87d9768 (webtiles) character file.

5874 Sixotanaka the Bludgeoner (level 10, -2/92 HPs)
             Began as an Ogre Berserker on Nov 14, 2014.
             Was a High Priest of Trog.
             Slain by a sky beast (5 damage)
             ... on level 10 of the Dungeon.
             The game lasted 00:27:17 (11502 turns).

Sixotanaka the Bludgeoner (Ogre Berserker)         Turns: 11502, Time: 00:27:17

Health: -2/92      AC:  3    Str: 25    XL:     10   Next: 81%
Magic:  10/10      EV: 10    Int:  6    God:    Trog [*****.]
Gold:   312        SH:  0    Dex: 11    Spells: 0 memorised, 9 levels left

rFire  + . .     SeeInvis .     M - +0 giant club
rCold  . . .     Clarity  .     W - +0 robe {rF+}
rNeg   . . .     SustAb   .     (shield restricted)
rPois  .         Gourm    .     (helmet restricted)
rElec  .         Spirit   .     (no cloak)
rCorr  .         Warding  .     (gloves unavailable)
rMut   .         Stasis   .     (boots unavailable)
MR     ++++.                    (no amulet)
Stlth  ++........               H - ring of stealth (curse)
                                y - ring of protection from magic

@: lethally poisoned, short of breath, regenerating, slowed, very slow,
incredibly resistant to hostile enchantments, unstealthy
A: unfitting armour, tough skin 1
a: Burn Spellbooks, Berserk, Trog's Hand, Brothers in Arms, Renounce Religion


You were on level 10 of the Dungeon.
You worshipped Trog.
Trog was extremely pleased with you.
You were not hungry.

You visited 2 branches of the dungeon, and saw 11 of its levels.
You also visited: Ossuary.

You collected 312 gold pieces.


Innate Abilities, Weirdness & Mutations

You are too large for most types of armour.
You have tough skin (AC +1).


   Skills:
 - Level 4.0 Fighting
 + Level 19.0 Maces & Flails
 - Level 1.5 Armour
 - Level 1.7 Dodging


You had 9 spell levels left.
You didn't know any spells.

Dungeon Overview and Level Annotations

Branches:
Dungeon (10/15)            Temple (1/1) D:6             Orc (0/4) D:10
   Lair: D:8-11

Altars:
Ashenzari
Cheibriados
Fedhas
Makhleb
Nemelex Xobeh
Qazlal
Ru
Vehumet
Yredelemnul

Annotations:
D:10 Sonja

Inventory:

Hand weapons
 M - a +0 giant club (weapon)
Missiles
 d - 284 stones (quivered)
 o - 8 needles of sleeping
 p - 20 tomahawks
 s - 4 large rocks
 v - 70 poisoned needles
 K - 2 throwing nets
 R - 8 curare-tipped needles
Armour
 W - a +0 robe of fire resistance (worn)
   (You took it off an orc wizard on level 10 of the Dungeon)
Jewellery
 h - a cursed ring of sustain abilities
 l - an uncursed ring of see invisible
 x - a cursed ring of teleportation
 y - a ring of protection from magic (left hand)
 H - a cursed ring of stealth (right hand)
 O - an uncursed ring of magical power {unknown}
Magical devices
 D - a wand of teleportation (5) {@v4}
 N - a wand of enslavement (9)
Scrolls
 i - 4 scrolls of remove curse {@r2}
 j - 2 scrolls of fog {unknown}
 m - 3 scrolls of teleportation {unknown}
 q - a scroll of random uselessness {unknown}
 r - 4 scrolls of enchant armour
 u - 2 scrolls of amnesia {unknown}
 A - 3 scrolls of fear {unknown}
 G - 4 scrolls of magic mapping {unknown}
 P - a scroll of identify {@r1}
 T - a scroll of blinking {unknown}
Potions
 e - 2 potions of cancellation
 f - 2 potions of agility
 g - 4 potions of brilliance
 k - 2 potions of restore abilities
 t - 3 potions of resistance
 w - 2 potions of heal wounds {@q2}
 z - 3 potions of curing {unknown}
 B - a potion of invisibility
 C - a potion of haste {@q3}
 E - a potion of lignification {!q}
 F - 2 potions of might
 I - 2 potions of poison {unknown}
 J - a potion of berserk rage {unknown}
 L - a potion of magic {unknown}
Books
 a - a book of Changes
 Q - a book of Necromancy
Comestibles
 c - 8 meat rations
 n - 13 fruits
 S - a slice of pizza

#..## ##..# #. ###..##
. #. ##...##### ..##.
#....#...# .....#
#....#...# #....
#....#<..#
#....########....#...#
#..O@.(........#...#
##.Y####..ยง....#[..#
#....##......).)..#
#.......###...#...#
H.........##.#.#...#
..........##...#.###
....##..##.....##.#
...## #H.##.....##.#
.. #.######..##.#


You could see a sky beast and an ogre.


Message History

Sonja misses you.
Sonja mumbles some strange words.
Sonja blinks!
You feel very sick.
Sonja unwields an uncursed dagger of venom.
It stops dripping with poison.
Sonja wields an uncursed blowgun.
Sonja shoots a curare-tipped needle.
The curare-tipped needle hits you.
You are more poisoned.
You have difficulty breathing.
You feel as though you will be slow longer.
The ogre barely misses you.
Sonja shoots a curare-tipped needle.
The curare-tipped needle hits you.
You are more poisoned.
You have difficulty breathing.
You feel as though you will be slow longer.
You see here 2 curare-tipped needles.
You feel very sick.
Sonja shoots a curare-tipped needle.
The curare-tipped needle hits you.
You are more poisoned.
You have difficulty breathing.
* * * LOW HITPOINT WARNING * * *
You feel as though you will be slow longer.
The ogre barely misses you.
Sonja casts a spell.
Sonja blinks!
The ogre barely misses you.
Evoke which item? (* to show all) (? for menu, Esc to quit)
Zapping:
D - a wand of teleportation {@v4} (will waste charges)
Press: ? - help, Shift-Dir - straight line, f - you You feel strangely unstable.
Evoking this partially-identified wand wasted a few charges.
You feel extremely sick. The sky beast hits you.
* * * LOW HITPOINT WARNING * * *
The sky beast shocks you.
* * * LOW HITPOINT WARNING * * *
The sky beast hits you.
* * * LOW HITPOINT WARNING * * *
The sky beast shocks you.
* * * LOW HITPOINT WARNING * * *
The ogre completely misses you.
Drink which item? (? for menu, Esc to quit)
You feel much better.
Your surroundings seem slightly different.
You feel extremely sick.
Sonja shoots a curare-tipped needle.
The curare-tipped needle hits you.
You are lethally poisoned!
You have difficulty breathing.
* * * LOW HITPOINT WARNING * * *
You feel as though you will be slow longer.
Sonja shoots a curare-tipped needle.
The curare-tipped needle closely misses you.
The ogre hits you with a giant club!!
* * * LOW HITPOINT WARNING * * *
Drink which item? (? for menu, Esc to quit)
You feel much better.
* * * LOW HITPOINT WARNING * * *
You feel extremely sick.
Sonja shoots a curare-tipped needle.
The curare-tipped needle completely misses you.
The sky beast hits you.
* * * LOW HITPOINT WARNING * * *
The sky beast shocks you.
* * * LOW HITPOINT WARNING * * *
Sonja casts a spell.
Sonja blinks!
The ogre hits you with a giant club!
* * * LOW HITPOINT WARNING * * *
The sky beast hits you.
* * * LOW HITPOINT WARNING * * *
The sky beast shocks you.
You die...

Action                   |  1- 3 |  4- 6 |  7- 9 | 10-12 || total
-------------------------+-------+-------+-------+-------++-------
Melee: Mace              |   111 |   175 |   268 |       ||   554
       Giant club        |       |       |   285 |   142 ||   427
Throw: Stone             |    11 |     8 |    22 |    23 ||    64
       Tomahawk          |       |       |     2 |       ||     2
Invok: Trog's Hand       |       |     4 |     6 |     3 ||    13
       Berserk           |       |     1 |     5 |     2 ||     8
Evoke: Wand              |       |       |       |     1 ||     1
  Use: Scroll            |       |     2 |    14 |     1 ||    17
       Potion            |       |       |     1 |     2 ||     3
 Stab: Sleeping          |       |       |     8 |       ||     8
       Distracted        |       |       |       |     1 ||     1
  Eat: Chunk             |     2 |     7 |    14 |     3 ||    26
       Bread ration      |       |     1 |     1 |     1 ||     3
       Fruit             |       |       |     1 |     1 ||     2
       Meat ration       |       |       |     1 |       ||     1
       Beef jerky        |       |       |       |     1 ||     1

Vault maps used:
D:1:      minmay_arrival_statue_studded
D:2:      cheibriados_altar_wand_db, nicolae_ru_path_of_blood, first_bread,
          due_unseen_surprise
D:3:      uniq_natasha
D:4:      lemuel_crystal_altar, lemuel_doored_altar,
          hangedman_abyss_or_decor_lesser_grid, hex_medium
D:5:      uniq_iyjb
D:6:      lemuel_round_altar, fedhas_altar_fruit_tree,
          minmay_temple_entry_large_hall
D:7:      bh_walls_and_bars
D:8:      nicolae_overflow_crystal_walls, enter_ossuary_5
D:9:      uniq_edmund
D:10:     dpeg_oklobed_lair, orc_0_dummy, uniq_sonja, uniq_eustachio
Temple:   circular_temple_12
Ossuary:  ossuary_tomb_2

Notes
Turn   | Place    | Note
--------------------------------------------------------------
     0 | D:1      | Sixotanaka, the Ogre Berserker, began the quest for the Orb.
     0 | D:1      | Reached XP level 1. HP: 24/24 MP: 1/1
   232 | D:1      | Reached XP level 2. HP: 25/32 MP: 2/2
   261 | D:1      | zzxc: TeAE is hard
   263 | D:1      | zzxc: if you want something hard
   263 | D:1      | zzxc: lol
   282 | D:1      | Sixotanaka: lol
   282 | D:1      | zzxc: it requires more patience than I had
   380 | D:1      | Reached skill level 5 in Maces & Flails
   488 | D:1      | zzxc: FeBe easier than TeAE
   492 | D:1      | zzxc: early game
   575 | D:1      | zzxc: defs
   729 | D:1      | Acquired Trog's second power
   730 | D:1      | Sixotanaka: lol
   730 | D:1      | Sixotanaka: speed
  1048 | D:2      | zzxc: easier till about vaults / depths
  1051 | D:2      | zzxc: probably
  1056 | D:2      | Reached XP level 3. HP: 24/39 MP: 3/3
  1062 | D:2      | zzxc: then fe is harder
  1348 | D:2      | Found a snail-covered altar of Cheibriados.
  1358 | D:2      | Reached skill level 6 in Maces & Flails
  1517 | D:2      | Reached XP level 4. HP: 34/48 MP: 4/4
  1905 | D:2      | Reached skill level 7 in Maces & Flails
  2271 | D:2      | Reached XP level 5. HP: 54/54 MP: 5/5
  2667 | D:2      | Found a sacrificial altar of Ru.
  2719 | D:3      | Noticed Natasha
  2732 | D:3      | Killed Natasha
  3269 | D:3      | Noticed Natasha
  3276 | D:3      | Killed Natasha
  3276 | D:3      | Reached skill level 8 in Maces & Flails
  3384 | D:3      | Noticed Natasha
  3399 | D:3      | Killed Natasha
  3471 | D:3      | Reached XP level 6. HP: 37/62 MP: 6/6
  3658 | D:3      | Noticed Sixotanaka's ghost (average OpAs)
  3668 | D:3      | Killed Sixotanaka's ghost
  3668 | D:3      | Reached skill level 9 in Maces & Flails
  4044 | D:4      | Reached skill level 10 in Maces & Flails
  4044 | D:4      | Reached XP level 7. HP: 46/70 MP: 7/7
  4216 | D:4      | HP: 16/70 [phantom (4)]
  4466 | D:4      | Found a shattered altar of Ashenzari.
  4481 | D:4      | Reached skill level 11 in Maces & Flails
  5120 | D:4      | Found a burning altar of Makhleb.
  5170 | D:4      | Reached XP level 8. HP: 69/78 MP: 8/8
  5293 | D:4      | Reached skill level 12 in Maces & Flails
  5338 | D:5      | Entered Level 5 of the Dungeon
  5840 | D:5      | Acquired Trog's third power
  6133 | D:5      | Reached skill level 13 in Maces & Flails
  6267 | D:5      | Noticed Ijyb
  6285 | D:5      | Killed Ijyb
  6488 | D:6      | Found a basalt altar of Yredelemnul.
  6621 | D:6      | Found a blossoming altar of Fedhas.
  6863 | D:6      | Reached skill level 14 in Maces & Flails
  7015 | D:6      | Found a staircase to the Ecumenical Temple.
  7054 | Temple   | Entered the Ecumenical Temple
  7094 | D:6      | Reached XP level 9. HP: 82/84 MP: 9/9
  8073 | D:7      | Reached skill level 15 in Maces & Flails
  8504 | D:8      | Found a sand-covered staircase.
  8509 | Ossuary  | Entered an ossuary
  8685 | Ossuary  | Reached skill level 16 in Maces & Flails
  9128 | D:8      | HP: 21/84 [poisoned by a yellow wasp]
  9133 | D:8      | HP: 20/84 [poisoned by a yellow wasp]
  9140 | D:8      | HP: 14/84 [poisoned by a yellow wasp]
  9148 | D:8      | HP: 14/84 [poisoned by a yellow wasp]
  9422 | D:8      | Reached XP level 10. HP: 72/92 MP: 10/10
  9443 | D:8      | Found a sparkling altar of Nemelex Xobeh.
  9459 | D:8      | Reached skill level 17 in Maces & Flails
  9963 | D:9      | Reached skill level 18 in Maces & Flails
 10249 | D:9      | Noticed Edmund
 10257 | D:9      | Killed Edmund
 10809 | D:10     | Entered Level 10 of the Dungeon
 10860 | D:10     | Found a staircase to the Orcish Mines.
 10878 | D:10     | HP: 11/92 [yak (16)]
 11244 | D:10     | Reached skill level 19 in Maces & Flails
 11483 | D:10     | Noticed Sonja
 11483 | D:10     | Noticed a griffon
 11500 | D:10     | HP: 21/92 [sky beast (6)]
 11502 | D:10     | HP: 6/92 [ogre/giant club (16)]
 11502 | D:10     | Slain by a sky beast

Vanquished Creatures
  The ghost of Sixotanaka the Sneak, an average OpAs (D:3)
  A hill giant zombie (D:10)
  8 yaks
  A hungry ghost (D:8)
  Edmund (D:9)
  2 orc warriors
  3 ice beasts
  A necrophage (D:8)
  5 ogres
  3 phantoms
  A yellow wasp (D:8)
  A centaur (D:6)
  A crocodile (D:9)
  7 giant frogs
  A big kobold (D:7)
  3 scorpions
  7 water moccasin zombies (Ossuary)
  A goliath beetle (D:7)
  8 hounds
  6 crimson imps
  3 iguanas
  5 orc priests
  A quasit (D:8)
  A worker ant (D:2)
  A centaur skeleton (D:7)
  8 orc wizards
  Natasha (thrice) (D:3)
  3 big kobold zombies (Ossuary)
  Ijyb (D:5)
  A crocodile skeleton (D:6)
  An ogre skeleton (D:6)
  3 mummies
  11 gnolls
  13 adders
  2 shadow imps
  A worm (D:2)
  3 adder zombies (Ossuary)
  2 giant geckos
  An ooze (D:2)
  16 orcs
  A ball python (D:3)
  12 bats
  5 giant cockroaches
  18 hobgoblins
  4 jackals (D:1)
  9 quokkas
  8 giant newts
  A giant spore (D:9)
  A gnoll zombie (Ossuary)
  15 goblins
  A hobgoblin skeleton (D:5)
  6 hobgoblin zombies (Ossuary)
  13 kobolds
  7 kobold zombies (Ossuary)
  5 orc zombies (Ossuary)
  17 rats
  A rat skeleton (D:4)
  A ballistomycete (D:9)
267 creatures vanquished.

Vanquished Creatures (others)
  An adder (D:9)
  A giant spore (D:9)
  A ballistomycete (D:9)
3 creatures vanquished.

Grand Total: 270 creatures vanquished
